Map: Dasan Station LE

Players

hinO

  • Race: Zerg Zerg
  • League: Master
  • Spawn Location: 6:00

Gorthauer

  • Race: Zerg Zerg
  • League: Master
  • Spawn Location: 12:00

Amix

  • Race: Terran Terran
  • League: Platinum

Azuko

  • Race: Terran Terran
  • League: Diamond

VOD

Have the link to the VOD?

Description

Time

  • Played on: Nov. 15, 2016, 1:33 p.m.
  • Length: 6:03
Show
View Real Time Build Order
Export as new Build Order

hinO Zerg 

Build Orders: Hatch First 

Get SALT Encoding   

  12  0:02  Drone  
  13  0:08  Drone  
  14  0:16  Overlord  
  14  0:21  Extractor  
  14  0:23  Drone  
  15  0:34  Drone  
  16  0:36  Drone  
  17  0:53  Hatchery  
  17  0:56  Drone  
  17  1:01  Drone, Extractor  
  17  1:14  Spawning Pool  
  17  1:16  Drone  
  17  1:20  Drone  
  18  1:28  Drone  
  19  1:40  Overlord  
  19  1:50  Drone  
  20  2:02  Queen  
  20  2:04  Queen  
  20  2:07  Zergling x4  
  26  2:11  Metabolic Boost  
  26  2:12  Drone  
  27  2:15  Drone  
  27  2:22  Drone  
  29  2:27  Drone  
  29  2:34  Drone  
  30  2:37  Drone  
  30  2:44  Drone  
  31  2:49  Pneumatized Carapace  
  31  2:50  Drone  
  32  2:53  Queen  
  34  3:00  Drone  
  34  3:01  Overlord  
  35  3:11  Evolution Chamber  
  35  3:12  Drone  
  35  3:19  Overlord  
  35  3:22  Zergling x10  
  35  3:24  Zergling x2  
  41  3:31  Drone  
  41  3:32  Zergling x2  
  43  3:45  Overlord x2  
  43  3:47  Zergling x2  
  44  4:06  Zergling x10  
  44  4:07  Zergling x6  
Show
View Real Time Build Order
Export as new Build Order

Gorthauer Zerg 

Build Orders:  

Get SALT Encoding   

  12  0:02  SCV  
  13  0:15  SCV  
  13  0:18  Supply Depot  
  14  0:27  SCV  
  15  0:42  Barracks  
  15  0:44  SCV  
  16  0:50  Supply Depot  
  16  0:55  Refinery  
  16  0:56  SCV  
  17  1:02  Refinery  
  17  1:08  SCV  
  18  1:20  SCV  
  20  1:34  Reaper  
  20  1:37  Orbital Command  
  20  1:53  Factory  
  20  2:06  Barracks Tech Lab  
  20  2:08  SCV  
  21  2:20  SCV  
  22  2:39  Starport  
  22  2:47  Siege Tank  
  22  2:49  Barracks Reactor  
  25  2:55  SCV  
  26  3:08  SCV  
  27  3:19  Siege Tank  
  30  3:29  SCV  
  31  3:37  Command Center  
  31  3:38  Supply Depot  
  31  3:40  Supply Depot  
  31  3:46  Barracks Tech Lab  
  31  3:59  Medivac x2  
  31  4:00  SCV  
  36  4:07  Marine  
  37  4:12  SCV  
Show
View Real Time Build Order
Export as new Build Order

Amix Terran 

Build Orders:  

Get SALT Encoding   

Show
View Real Time Build Order
Export as new Build Order

Azuko Terran 

Build Orders:  

Get SALT Encoding   

Tags
 
Add a new tag
Caveats
  • Supply blocks, unpowered buildings, or Contaminate may cause inaccurate times.
  • Supply counts are checked every 10 seconds.